 Dungeon Crawl Stone Soup version 0.21.0-24-g2553a33 (webtiles) character file.

641 Gorglomux the Shield-Bearer (level 7, -4/44 HPs)
             Began as a Gargoyle Fighter on Jan 20, 2018.
             Was a Follower of Zin.
             Killed from afar by an orc wizard (11 damage)
             ... with a magic dart
             ... on level 4 of the Dungeon on Jan 21, 2018.
             The game lasted 00:02:11 (2830 turns).

Gorglomux the Shield-Bearer (Gargoyle Fighter)      Turns: 2830, Time: 00:02:11

Health: -4/44      AC: 12    Str: 21    XL:     7   Next: 51%
Magic:  7/7        EV:  7    Int:  9    God:    Zin [*.....]
Gold:   94         SH: 10    Dex:  9    Spells: 6/6 levels left

rFire    . . .     SeeInvis .   a - +0 war axe
rCold    . . .     Gourm    .   c - +0 shield
rNeg     + . .     Faith    +   b - +0 scale mail
rPois    ∞         Spirit   .   (no helmet)
rElec    +         Reflect  .   (no cloak)
rCorr    .         Harm     .   (no gloves)
MR       .....                  (no boots)
Stlth    +.........             y - amulet of faith
HPRegen  0.14/turn              x - ring of stealth
MPRegen  0.10/turn              (no ring)

@: no status effects
A: negative energy resistance 1, electricity resistance, unbreathing,
petrification resistance, rot immunity, AC +4
a: Recite, Donate Gold, Renounce Religion


You were on level 4 of the Dungeon.
You worshipped Zin.
Zin was aware of your devotion.
You were not hungry.

You visited 1 branch of the dungeon, and saw 4 of its levels.

You collected 104 gold pieces.
You donated 10 gold pieces to Zin.

Inventory:

Hand Weapons
 a - a +0 war axe (weapon)
 E - a +0 broad axe
Armour
 b - a +0 scale mail (worn)
 c - a +0 shield (worn)
Jewellery
 x - a ring of stealth (left hand)
 y - an amulet of faith (around neck)
Scrolls
 R - a scroll of identify
 T - 3 scrolls of teleportation
Potions
 d - a potion of might
 C - a potion of resistance
 G - 2 potions of haste
 I - a potion of mutation {!q}
 Q - a potion of curing
Comestibles
 f - 5 rations


   Skills:
 + Level 5.3 Fighting
 + Level 3.9 Axes
 + Level 5.4 Armour
 + Level 5.4 Shields


You had 6 spell levels left.
You didn't know any spells.

Dungeon Overview and Level Annotations

Branches:
Dungeon (4/15)
 Temple: D:4-7

Altars:
Fedhas
Yredelemnul
Zin


Innate Abilities, Weirdness & Mutations

You are resistant to torment.
Your stone body is resilient. (AC +4)
You are immune to poison.
You resist negative energy. (rN+)
You are resistant to electric shocks. (rElec)
You can survive without breathing.
You are immune to petrification.
You are immune to rotting.


Message History

You hear some butt, mumbled words!
A puff of frost appears butt butt of thin butt!!!
The puff of frost misses you! You block the orc's attack!
Things that are here:
a scale mail; an orc corpse You cut the orc into ribbons!!!
You annihilate the orc!!!
You completely miss something! Something hits you but does no damage!
You hear some strange, mumbled words!
A puff of frost appears from butt of butt air!!!
The puff of frost hits you!!! * * * don't butt
* * * You feel better!
Q - a potion of curing You block something's attack!
Something hits you but does no damage!
You closely miss something!
You hear some strange, mumbled words!
A magic dart appears from out of thin air!!!
The magic dart hits you!!! rip

#...#.# #...#.#
#...#.##### #.........#
..........# #####
..........# #...#
..........### #._.# #
............###.).###.#
...[......#...#)@.#..#
....########...{.....#
....# #..)#†#...#
....########...#.#....#
....'..........###.......
....#######..........##...
....'.##..<............ ..
....#.##.#.############. .
....#.##.#..........


There were no monsters in sight!

Vanquished Creatures
  A human (D:4)
  An ogre (D:4)
  A howler monkey (D:3)
  2 hounds (D:4)
  Jessica (D:2)
  An iguana (D:4)
  An orc wizard (D:4)
  Natasha (thrice) (D:2)
  8 adders
  5 worms
  A dart slug (D:4)
  A leopard gecko (D:1)
  6 orcs
  10 bats
  2 giant cockroaches
  8 goblins
  7 hobgoblins
  10 jackals
  A ball python skeleton (D:4)
  4 frilled lizards
  4 kobolds
  A quokka skeleton (D:4)
  3 rats
82 creatures vanquished.

Notes
Turn   | Place    | Note
-------+----------+-------------------------------------------
     0 | D:1      | Gorglomux the Gargoyle Fighter began the quest for the Orb.
     0 | D:1      | Reached XP level 1. HP: 14/14 MP: 1/1
   139 | D:1      | Reached XP level 2. HP: 18/19 MP: 2/2
   475 | D:1      | Reached XP level 3. HP: 23/23 MP: 3/3
   825 | D:2      | Noticed Jessica
   836 | D:2      | Killed Jessica
   836 | D:2      | Reached XP level 4. HP: 15/29 MP: 4/4
  1053 | D:2      | Noticed Natasha
  1065 | D:2      | Killed Natasha
  1078 | D:2      | Reached XP level 5. HP: 21/33 MP: 5/5
  1100 | D:2      | Noticed Natasha
  1108 | D:2      | Killed Natasha
  1136 | D:2      | Noticed Natasha
  1172 | D:2      | Killed Natasha
  1571 | D:3      | Reached skill level 3 in Axes
  1687 | D:3      | Reached XP level 6. HP: 39/39 MP: 6/6
  1787 | D:3      | Found a glowing silver altar of Zin.
  1788 | D:3      | Found a blossoming altar of Fedhas.
  1982 | D:3      | Became a worshipper of Zin the Law-Giver
  1982 | D:3      | Reached * piety under Zin
  2721 | D:4      | Found a runed door.
  2721 | D:4      | Noticed a human
  2729 | D:4      | Found a basalt altar of Yredelemnul.
  2736 | D:4      | Reached XP level 7. HP: 41/44 MP: 7/7
  2744 | D:4      | Got a heavily runed ring mail
  2755 | D:4      | Identified the cursed +0 ring mail of the Orcish Mines {Dex+3} (You found it on level 4 of the Dungeon)
  2810 | D:4      | Killed a human
  2828 | D:4      | HP: 2/44 [something/puff of frost (11)]
  2830 | D:4      | Killed from afar by an orc wizard

Skill      XL: |  1  2  3  4  5  6 |
---------------+-------------------+-----
Axes           | 2 3 |  3.9
Armour         | 4 5 |  5.4
Shields        | 4 5 |  5.4
Fighting       | 4 5 |  5.3

Action                   |  1- 3 |  4- 6 |  7- 9 || total
-------------------------+-------+-------+-------++-------
Melee: War axe           |    82 |   220 |    40 ||   342
  Use: Potion            |       |     2 |     1 ||     3
       Scroll            |       |       |     6 ||     6
  Eat: Chunk             |       |     7 |       ||     7
Armor: Scale mail        |    62 |   148 |    29 ||   239
Dodge: Dodged            |    26 |   110 |    20 ||   156
Block: Shield            |    57 |   146 |    31 ||   234
